 Dungeon Crawl Stone Soup version 0.24-a0-307-gf989941 (webtiles) character file.

Game seed: 11167461952729893966

16 mhoghedin the Grasshopper (level 2, -5/24 HPs)
             Began as a Demigod Warper on May 13, 2019.
             Slain by a gnoll
             ... wielding a +6 halberd
              (13 damage)
             ... on level 1 of the Dungeon.
             The game lasted 00:00:37 (554 turns).

mhoghedin the Grasshopper (Demigod Warper)           Turns: 554, Time: 00:00:38

Health: -5/24      AC:  3    Str: 14    XL:     2   Next: 27%
Magic:  7/7        EV: 12    Int: 17    God:
Gold:   22         SH:  0    Dex: 15    Spells: 4/4 levels left

rFire    . . .     SeeInvis .   a - +0 falchion
rCold    . . .     Gourm    .   (no shield)
rNeg     . . .     Faith    .   b - +0 leather armour
rPois    .         Spirit   .   (no helmet)
rElec    .         Reflect  .   (no cloak)
rCorr    .         Harm     .   (no gloves)
MR       .....                  (no boots)
Stlth    +.........             (no amulet)
HPRegen  0.08/turn              (no ring)
MPRegen  0.10/turn              (no ring)

@: no status effects
A: high mp 1
a: no special abilities


You were on level 1 of the Dungeon.
You were not hungry.

You visited 1 branch of the dungeon, and saw 1 of its levels.

You collected 22 gold pieces.

Inventory:

Hand Weapons
 a - a +0 falchion (weapon)
Missiles
 e - 5 boomerangs of dispersal {=f}
Armour
 b - a +0 leather armour (worn)
Scrolls
 d - a scroll of blinking {!r}
Potions
 c - a potion of ambrosia {unknown}
Comestibles
 f - a ration


   Skills:
 + Level 2.0 Fighting
 + Level 2.4 Long Blades
 - Level 0.8 Throwing
 - Level 0.8 Armour
 + Level 2.0 Dodging
 - Level 1.7 Spellcasting
   Level 2.6 Translocations


You had 4 spell levels left.
You didn't know any spells.
Your spell library contained the following spells:

 Spells                   Type           Power        Failure   Level  Hunger
 Blink                    Tloc           N/A          12%         2    ###....
 Shroud of Golubria       Chrm/Tloc      #.........   22%         2    ###....
 Gell's Gravitas          Tloc           ##........   24%         3    ###....
 Lesser Beckoning         Tloc           ##........   24%         3    ###....
 Teleport Other           Tloc           ##......     24%         3    ###....
 Passage of Golubria      Tloc           N/A          63%         4    #####..


Dungeon Overview and Level Annotations

Branches:
Dungeon (1/15)


Innate Abilities, Weirdness & Mutations

You have an increased reservoir of magic. (+10% MP)


Message History

You hit the kobold.
You kill the kobold!
No target in view!
No target in view!
No target in view!
No target in view!
No target in view!
No target in view!
Things that are here:
a cursed -3 short sword; a kobold corpse You now have 13 gold pieces (gained 5).
A kobold comes into view. It is wielding a +0 short sword.
The kobold shouts!
You see here a white potion.
The kobold misses you.
You barely miss the kobold. The kobold hits you but does no damage.
You hit the kobold. The kobold barely misses you.
You riposte.
You hit the kobold.
You kill the kobold!
No target in view!
No target in view!
No target in view!
No target in view!
No target in view!
No target in view!
No target in view!
c - a white potion You open the door.
There is an open door here.
There is an open door here.
You see here a +0 short sword.
A dart slug comes into view.
The dart slug closely misses you.
You hit the dart slug but do no damage. You hit the dart slug.
The dart slug bites you but does no damage.
You hit the dart slug.
You kill the dart slug!
You have reached level 2!
Health restored: 24; MP restored: 7 A hobgoblin comes into view.
It is wielding a +0 club.
A hobgoblin is nearby!
You closely miss the hobgoblin. The hobgoblin barely misses you.
You barely miss the hobgoblin. The hobgoblin closely misses you.
You hit the hobgoblin.
You kill the hobgoblin!
No target in view!
No target in view!
No target in view!
No target in view!
No target in view!
You see here a +0 club.
You open the door.
A goblin comes into view. It is wielding a +0 club.
There is an open door here.
The goblin shouts!
The goblin hits you but does no damage.
You hit the goblin.
You kill the goblin!
Your Fighting skill increases to level 2!
Your Dodging skill increases to level 2!
No target in view!
No target in view!
No target in view!
No target in view!
No target in view!
No target in view!
No target in view!
Things that are here:
a +0 club; a goblin corpse You now have 22 gold pieces (gained 9).
A leopard gecko comes into view.
The leopard gecko hisses angrily.
A gnoll comes into view. It is wielding a +6 halberd.
The leopard gecko moves out of view.
The gnoll shouts!
You hit the leopard gecko.
The leopard gecko bites you but does no damage.
You closely miss the leopard gecko.
The leopard gecko completely misses you.
You riposte.
You miss the leopard gecko. The leopard gecko bites you.
The gnoll completely misses you.
You take 2 damage, and have 22/24 hp.
You closely miss the leopard gecko. The leopard gecko barely misses you.
The gnoll misses you.
You hit the leopard gecko.
You kill the leopard gecko!
The gnoll barely misses you. The gnoll barely misses you.
Found a stone staircase leading down.
You see here a leopard gecko corpse.
You slash the gnoll! The gnoll hits you with a +6 halberd!
Ouch! That really hurt!
You take 15 damage, and have 8/24 hp.
MASSIVE DAMAGE!!
You aren't carrying any items that you can evoke.
Okay, then.
The gnoll hits you from afar with a +6 halberd!
Ouch! That really hurt!
You die...

### #.. ##########.#
##........#.#
#......##.#.####
#...##...@.....#
#....####.#g##.#
#######.........#.##.###.#
#..........######..†.....#
#.#######.## ####.#####
#.# #.# ># #.# #.# .. #.#
#+# ... #.# ### ### ###
####


You could see a gnoll.

Vanquished Creatures
  A dart slug (D:1)
  A leopard gecko (D:1)
  A bat (D:1)
  A goblin (D:1)
  3 hobgoblins (D:1)
  4 kobolds (D:1)
  A rat (D:1)
12 creatures vanquished.

Notes
Turn   | Place    | Note
-------+----------+-------------------------------------------
     0 | D:1      | mhoghedin the Demigod Warper began the quest for the Orb.
     0 | D:1      | Reached XP level 1. HP: 17/17 MP: 5/5
    13 | D:1      | Noticed a minotaur skeleton
    86 | D:1      | Reached skill level 2 in Long Blades
   415 | D:1      | Reached XP level 2. HP: 24/24 MP: 7/7
   441 | D:1      | Reached skill level 2 in Fighting
   441 | D:1      | Reached skill level 2 in Dodging
   554 | D:1      | Slain by a gnoll

Levels and vault maps discovered:
D:1:      shiori_arrival_whats_in_store_for_you, layout_loops_corners,
          amethyst_killhole, grunt_decor_resistance,
          minmay_misc_feat_more_columns

Skill      XL: |  1  2 |
---------------+-------+-----
Long Blades    | 2 |  2.4
Fighting       | 2 |  2.0
Dodging        | 2 |  2.0
Throwing       | |  0.8
Armour         | |  0.8
Spellcasting   | |  1.7
Translocations | |  2.6

Action                   || total
-------------------------++-------
Melee: Falchion          ||    32
Armor: Leather armour    ||     7
Dodge: Dodged            ||    25
       Rpst.: Falchion   ||    11

Table legend:
 A = Non-vault XP
 B = Vault XP
 C = Vault XP percentage of total XP
 D = Non-vault monster count
 E = Vault monster count
 F = Vault count percentage of total count
                 A         B        C        D         E       F
            +---------+---------+-------+---------+---------+-------
      Total |      24 |       0 |   0.0 |      12 |       0 |   0.0
            +---------+---------+-------+---------+---------+-------
        D:1 |      24 |       0 |   0.0 |      12 |       0 |   0.0
            +---------+---------+-------+---------+---------+-------

Levels and vault maps discovered:
D:1:      shiori_arrival_whats_in_store_for_you, layout_loops_corners,
          amethyst_killhole, grunt_decor_resistance,
          minmay_misc_feat_more_columns

Table legend:
 A = Turns spent in this place as a percentage of turns spent in the entire game.
 B = Non-inter-level travel turns spent in this place as a percentage of non-inter-level travel turns spent in the entire game.
 C = Inter-level travel turns spent in this place as a percentage of turns spent in this place.
 D = Turns resting spent in this place as a percentage of non-inter-level travel turns spent in this place.
 E = Turns spent auto-exploring this place as a percentage of non-inter-level travel turns spent in this place.
 F = Non-inter-level travel turns spent in this place divided by the number of levels of this place that you've seen.
                   A       B       C       D       E      F
               +-------+-------+-------+-------+-------+----------------------
         Total | 100.0 | 100.0 |   0.0 |   0.0 |  85.4 | 554.0
       Dungeon | 100.0 | 100.0 |   0.0 |   0.0 |  85.4 | 554.0
               +-------+-------+-------+-------+-------+----------------------

Table legend:
 A = Kills in this place as a percentage of kills in entire the game.
 B = Kills by you in this place as a percentage of kills by you in the entire game.
 C = Kills by friends in this place as a percentage of kills by friends in the entire game.
 D = Other kills in this place as a percentage of other kills in the entire game.
 E = Experience gained in this place as a percentage of experience gained in the entire game.
 F = Experience gained in this place divided by the number of levels of this place that you have seen.
                   A       B       C       D       E      F
               +-------+-------+-------+-------+-------+----------------------
         Total | 100.0 | 100.0 |   N/A |   N/A | 100.0 |  24.0
       Dungeon | 100.0 | 100.0 |   N/A |   N/A | 100.0 |  24.0
               +-------+-------+-------+-------+-------+----------------------
